 Dungeon Crawl Stone Soup version 0.32-a0-12-g7fc57aa741 (console) character file.

Game seed: 1304891072242591625

29873 jejorda2 the Cleaver (level 13, -6/105 HPs)
             Began as a Gnoll Berserker on Jan 14, 2024.
             Was an Elder of Trog.
             Mangled by a torpor snail (12 damage)
             ... on level 5 of the Lair of Beasts.
             The game lasted 00:42:06 (16124 turns).

jejorda2 the Cleaver (Gnoll Berserker)             Turns: 16124, Time: 00:42:07

Health: -6/105     AC: 32    Str: 23    XL:     13   Next: 48%
Magic:  25/25      EV: 10    Int:  6    God:    Trog [****..]
Gold:   1179       SH:  0    Dex: 11    Spells: 29/29 levels left

rFire   + . .        a - +2 battleaxe
rCold   + . .        (shield currently unavailable)
rNeg    . . .        H - +2 plate armour {rF+}
rPois   +            G - +2 helmet
rElec   .            h - +2 cloak
rCorr   +            x - +0 pair of gloves
SInv    .            l - +2 pair of boots
Will    ++...        (no amulet) Stlth
                     c - ring "Hiotog" {rPois rC+ rCorr}
HPRegen 1.37/turn    k - +4 ring of protection
MPRegen 0.19/turn

%: no passive effects
@: strong-willed, regenerating, slowed, studying Unarmed Combat, very slow
A: fangs 1, strong nose, distributed training
a: Renounce Religion, Berserk, Trog's Hand, Brothers in Arms


You were on level 5 of the Lair of Beasts.
You worshipped Trog.
Trog was greatly pleased with you.
You visited 2 branches of the dungeon, and saw 17 of its levels.
You also visited: Sewer and Ossuary.

You collected 1261 gold pieces.
You spent 82 gold pieces at shops.

Inventory:

Hand Weapons
 a - a +2 battleaxe (weapon)
 b - the +6 dire flail of Xeqaxzus {drain, Will+}
   (You took it off an ogre on level 3 of the Dungeon)

   Will+:     It increases your willpower.
 w - a +1 antimagic lajatang
Missiles
 i - a curare-tipped dart
 j - 4 atropa-tipped darts
 o - 15 poisoned darts (quivered)
 C - 5 boomerangs
Armour
 h - a +2 cloak (worn)
 l - a +2 pair of boots (worn)
 x - a +0 pair of gloves (worn)
 G - a +2 helmet (worn)
 H - a +2 plate armour of fire resistance (worn)
Jewellery
 c - the ring "Hiotog" (left hand) {rPois rC+ rCorr}
   (You acquired it on level 3 of the Dungeon)

   [ring of resist corrosion]

   rC+:       It protects you from cold.
   rPois:     It protects you from poison rCorr: It protects you from acid and
   corrosion.
 k - a +4 ring of protection (right hand)
Wands
 d - a wand of flame (21)
 m - a wand of paralysis (27)
 r - a wand of polymorph (10)
Scrolls
 n - 6 scrolls of blinking
 p - 2 scrolls of immolation
 q - 3 scrolls of butterflies
 u - a scroll of poison
 v - 2 scrolls of fog
 y - 8 scrolls of teleportation
 D - a scroll of silence
 E - a scroll of enchant weapon
 L - a scroll of enchant armour
Potions
 e - 2 potions of haste
 f - 2 potions of ambrosia
 g - 8 potions of curing
 s - 4 potions of mutation
 t - 4 potions of might
 z - 7 potions of heal wounds
 A - a potion of cancellation
 B - a potion of enlightenment {unknown}
 I - 2 potions of invisibility
 J - 2 potions of attraction {unknown}
 K - a potion of magic {unknown}


   Skills:
 + Level 10.8 Fighting
 + Level 8.6 Short Blades
 + Level 8.6 Long Blades
 + Level 10.8 Axes
 + Level 8.6 Maces & Flails
 + Level 8.6 Polearms
 + Level 8.6 Staves
 + Level 8.6 Ranged Weapons
 + Level 8.6 Throwing
 + Level 9.8 Armour
 + Level 9.8 Dodging
 + Level 8.6 Stealth
 + Level 8.6 Shields
 + Level 10.4 Unarmed Combat
 + Level 8.6 Spellcasting
 + Level 7.2 Conjurations
 + Level 7.2 Hexes
 + Level 7.2 Summonings
 + Level 7.2 Necromancy
 + Level 7.2 Translocations
 + Level 7.2 Fire Magic
 + Level 7.2 Ice Magic
 + Level 7.2 Air Magic
 + Level 7.2 Earth Magic
 + Level 7.2 Alchemy
 + Level 9.4 Invocations
 + Level 8.6 Evocations
 + Level 7.9 Shapeshifting


You had 29 spell levels left.
You didn't know any spells.
Your spell library was empty.

Dungeon Overview and Level Annotations

Branches:
Dungeon (12/15)            Temple (0/1) D:7            Lair (5/5) D:8
  Swamp (0/4) Lair:3        Snake (0/4) Lair:3        Slime (0/5) Lair:5
    Orc (0/2) D:12          Sewer (visited)         Ossuary (visited)

Altars:
Ashenzari
Cheibriados
Fedhas
Gozag
Kikubaaqudgha
Nemelex Xobeh
Okawaru
Sif Muna
Vehumet
Wu Jian
Xom
Zin
The Shining One

Shops:
D:4 ?   D:6 !

Annotations:
Lair:4 1 runed translucent door, Ahar's ghost, journeyman HONe


Innate Abilities, Weirdness & Mutations

You have very sharp teeth.
Your uncanny sense of smell can sniff out nearby items.
Your experience applies equally to all skills.


Message History

* * * LOW HITPOINT WARNING * * *
The lindwurm claws you but does no damage. x2
The torpor snail barely misses you.
The lindwurm bites you but does no damage.
The lindwurm claws you but does no damage.
The lindwurm closely misses you.
You slash the torpor snail!
The torpor snail is moderately wounded.
You hit the lindwurm but do no damage. The ice encasing you melts away.
A black mamba comes into view.
The lindwurm breathes flames at you.
The blast of flame hits you but does no damage.
The torpor snail misses you.
The lindwurm bites you but does no damage.
The lindwurm claws you but does no damage. x2
Unknown command.
Unknown command.
You slice the torpor snail!!
The torpor snail is heavily wounded.
You slash the lindwurm!
The eye of devastation seems to regain its courage.
The torpor snail bites you but does no damage.
The lindwurm bites you but does no damage.
The lindwurm claws you but does no damage. x2
The lindwurm bites you!
* * * LOW HITPOINT WARNING * * *
The lindwurm claws you.
* * * LOW HITPOINT WARNING * * *
The lindwurm closely misses you.
The torpor snail bites you but does no damage.
You slash the torpor snail!
You bite the torpor snail, but do no damage.
The torpor snail is severely wounded.
You barely miss the lindwurm. The black mamba barely misses you.
The black mamba bites you.
* * * LOW HITPOINT WARNING * * *
The lindwurm bites you but does no damage.
The lindwurm barely misses you. x2; The torpor snail bites you!
You die...

.
#..##....#P..P.##
#.. ##...#......
..P #..##....#
......##..#P...#
..........G.....#
......)......##
.........:...#
.....#.##P.kw#
F...### ##P#@#
...# ###S# ...
..# ...# .....
.P.... ..+...#
#..#.P.P


You could see a torpor snail, an eye of devastation, a lindwurm and a black
mamba.

Vanquished Creatures
  A hydra (Lair:3)
  A catoblepas (Lair:2)
  A two-headed ogre (D:12)
  The ghost of knightboat the Fighter, a novice OnWr (D:7)
  A skyshark (Lair:5)
  A bog body (Lair:3)
  2 cyclopes (D:12)
  2 ugly things (D:12)
  2 manticores
  3 elephants (Lair:3)
  3 cane toads
  4 black mambas
  An unseen horror (D:12)
  7 komodo dragons
  3 rime drakes
  3 trolls
  A polar bear (Lair:3)
  8 blink frogs
  2 shadows
  3 wraiths
  A vampire (D:12)
  5 basilisks
  4 wyverns
  37 yaks
  2 steam dragons
  Edmund (D:5)
  3 nagas (Lair:3)
  A swamp worm (Lair:3)
  An acid dragon (D:9)
  8 water moccasins
  2 orc warriors
  Pargi (Sewer)
  2 sky beasts
  5 ice beasts
  6 ogres
  The ghost of Phlounder the Grasshopper, an amateur AtWr (D:3)
  6 centaurs
  4 wolves (Lair:1)
  2 phantoms
  2 kobold brigands
  A brain worm (Sewer)
  4 bullfrogs
  2 gnoll sergeants (D:6)
  8 scorpions
  5 wights (D:9)
  24 killer bees
  7 electric eels
  A centaur zombie (Ossuary)
  5 howler monkeys
  A bombardier beetle (D:3)
  A jelly (D:6)
  7 orc priests
  3 hounds
  Crazy Yiuf (D:2)
  A human zombie (Ossuary)
  A gnoll bouda (D:10)
  Terence (D:2)
  4 scorpion zombies (Ossuary)
  An iguana (D:5)
  10 orc wizards
  3 mummies (Ossuary)
  14 gnolls
  10 adders
  A river rat (D:3)
  A shadow imp (D:6)
  2 ufetubi (D:7)
  4 adder zombies (Ossuary)
  A dart slug (D:1)
  2 ribbon worms
  25 orcs
  9 bats
  9 endoplasms
  7 giant cockroaches
  8 goblins
  6 hobgoblins
  4 jackals (D:1)
  8 kobolds
  4 quokkas
  15 ball pythons
  2 ball python zombies (Ossuary)
  5 frilled lizards
  A gnoll zombie (Ossuary)
  5 jackal zombies (Ossuary)
  2 orc zombies (Ossuary)
380 creatures vanquished.

Vanquished Creatures (collateral kills)
  A dream sheep (Lair:5)
  A yak (Lair:5)
2 creatures vanquished.

Vanquished Creatures (others)
  A human (D:4)
1 creature vanquished.

Grand Total: 383 creatures vanquished

Notes
Turn   | Place    | Note
-------+----------+-------------------------------------------
     0 | D:1      | jejorda2 the Gnoll Berserker began the quest for the Orb.
     0 | D:1      | Reached XP level 1. HP: 23/23 MP: 1/1
    57 | D:1      | Reached XP level 2. HP: 11/29 MP: 2/2
   201 | D:1      | Reached XP level 3. HP: 35/35 MP: 3/3
   425 | D:1      | Reached skill level 1 in Invocations
   761 | D:2      | Reached skill level 1 in Short Blades
   761 | D:2      | Reached skill level 1 in Long Blades
   761 | D:2      | Reached skill level 1 in Maces & Flails
   761 | D:2      | Reached skill level 1 in Polearms
   761 | D:2      | Reached skill level 1 in Staves
   761 | D:2      | Reached skill level 1 in Ranged Weapons
   761 | D:2      | Reached skill level 1 in Throwing
   761 | D:2      | Reached skill level 1 in Stealth
   761 | D:2      | Reached skill level 1 in Shields
   761 | D:2      | Reached skill level 1 in Unarmed Combat
   761 | D:2      | Reached skill level 1 in Spellcasting
   761 | D:2      | Reached skill level 1 in Evocations
   766 | D:2      | Reached skill level 1 in Shapeshifting
   766 | D:2      | Reached XP level 4. HP: 25/41 MP: 5/5
   838 | D:2      | Reached ** piety under Trog
  1015 | D:2      | Noticed Terence
  1040 | D:2      | HP: 3/61 [Terence/+0 flail (5)]
  1043 | D:2      | Killed Terence
  1044 | D:2      | Reached skill level 1 in Conjurations
  1044 | D:2      | Reached skill level 1 in Hexes
  1044 | D:2      | Reached skill level 1 in Summonings
  1044 | D:2      | Reached skill level 1 in Necromancy
  1044 | D:2      | Reached skill level 1 in Translocations
  1044 | D:2      | Reached skill level 1 in Fire Magic
  1044 | D:2      | Reached skill level 1 in Ice Magic
  1044 | D:2      | Reached skill level 1 in Air Magic
  1044 | D:2      | Reached skill level 1 in Earth Magic
  1044 | D:2      | Reached skill level 1 in Alchemy
  1209 | D:2      | Found a runed translucent door.
  1210 | D:2      | Noticed Crazy Yiuf
  1217 | D:2      | Killed Crazy Yiuf
  1218 | D:2      | Reached XP level 5. HP: 47/47 MP: 5/7
  1580 | D:3      | Identified a scroll of acquirement
  1580 | D:3      | Acquired the ring "Hiotog" {rPois rC+ rCorr}
  1587 | D:3      | Found a radiant altar of Vehumet.
  1716 | D:3      | Found a glowing drain.
  1725 | Sewer    | Entered a sewer
  1785 | Sewer    | Noticed a kobold brigand
  1803 | Sewer    | Killed a kobold brigand
  1804 | Sewer    | Reached skill level 5 in Armour
  1804 | Sewer    | Reached skill level 5 in Dodging
  1804 | Sewer    | Reached XP level 6. HP: 28/53 MP: 7/9
  1899 | Sewer    | Noticed Pargi
  1908 | Sewer    | Killed Pargi
  2152 | D:3      | Reached XP level 7. HP: 59/59 MP: 10/10
  2224 | D:3      | Noticed Phlounder's ghost (amateur AtWr)
  2225 | D:3      | Found a transporter.
  2225 | D:3      | Identified the +6 dire flail of Xeqaxzus {drain, Will+}
  2231 | D:3      | Found a transporter.
  2474 | D:3      | Reached *** piety under Trog
  2475 | D:3      | Found a snail-covered altar of Cheibriados.
  2903 | D:3      | Killed Phlounder's ghost
  2998 | D:4      | Found a sand-covered staircase.
  3009 | Ossuary  | Entered an ossuary
  3040 | Ossuary  | Reached XP level 8. HP: 57/67 MP: 12/12
  3628 | D:4      | Found a blossoming altar of Fedhas.
  3652 | D:4      | Found Duxag's Magic Scroll Shoppe.
  3684 | D:4      | Bought a scroll of blinking for 82 gold pieces
  3715 | D:4      | Found an ancient bone altar of Kikubaaqudgha.
  4148 | D:4      | Found a sparkling altar of Nemelex Xobeh.
  4402 | D:5      | Entered Level 5 of the Dungeon
  4551 | D:5      | Found a broken altar of Ashenzari.
  4615 | D:5      | Reached XP level 9. HP: 73/73 MP: 13/15
  4661 | D:5      | Identified the staff of Doubt {rF+ Dex+4 Conj}
  4672 | D:5      | Noticed Edmund
  4682 | D:5      | Killed Edmund
  4682 | D:5      | Reached **** piety under Trog
  5099 | D:5      | Found a glowing golden altar of the Shining One.
  5238 | D:5      | Found a shimmering blue altar of Sif Muna.
  5600 | D:6      | Reached skill level 5 in Invocations
  5839 | D:6      | Found Gesoatiq's Distillery.
  6318 | D:7      | Found a staircase to the Ecumenical Temple.
  6341 | D:7      | Found an iron altar of Okawaru.
  6355 | D:7      | Reached skill level 5 in Short Blades
  6355 | D:7      | Reached skill level 5 in Long Blades
  6355 | D:7      | Reached skill level 5 in Maces & Flails
  6355 | D:7      | Reached skill level 5 in Polearms
  6355 | D:7      | Reached skill level 5 in Staves
  6355 | D:7      | Reached skill level 5 in Ranged Weapons
  6355 | D:7      | Reached skill level 5 in Throwing
  6355 | D:7      | Reached skill level 5 in Stealth
  6355 | D:7      | Reached skill level 5 in Shields
  6355 | D:7      | Reached skill level 5 in Unarmed Combat
  6355 | D:7      | Reached skill level 5 in Spellcasting
  6355 | D:7      | Reached skill level 5 in Evocations
  6355 | D:7      | Reached XP level 10. HP: 27/81 MP: 17/17
  6576 | D:7      | Found a glowing silver altar of Zin.
  6580 | D:7      | Found a runed translucent gate.
  6581 | D:7      | Found a runed translucent gate.
  6582 | D:7      | Found a runed translucent gate.
  6597 | D:7      | Found an opulent altar of Gozag.
  6923 | D:7      | Noticed knightboat's ghost (novice OnWr)
  7010 | D:7      | Killed knightboat's ghost
  7011 | D:7      | Reached skill level 5 in Shapeshifting
  7562 | D:8      | Found a staircase to the Lair.
  8119 | D:9      | Reached skill level 5 in Conjurations
  8119 | D:9      | Reached skill level 5 in Hexes
  8119 | D:9      | Reached skill level 5 in Summonings
  8119 | D:9      | Reached skill level 5 in Necromancy
  8119 | D:9      | Reached skill level 5 in Translocations
  8119 | D:9      | Reached skill level 5 in Fire Magic
  8119 | D:9      | Reached skill level 5 in Ice Magic
  8119 | D:9      | Reached skill level 5 in Air Magic
  8119 | D:9      | Reached skill level 5 in Earth Magic
  8119 | D:9      | Reached skill level 5 in Alchemy
  8119 | D:9      | Reached XP level 11. HP: 75/89 MP: 18/20
  8254 | D:9      | Reached ***** piety under Trog
  8420 | D:9      | Found an ornate altar of the Wu Jian Council.
  8658 | D:10     | Entered Level 10 of the Dungeon
  9175 | D:10     | Found a shimmering altar of Xom.
  9412 | D:11     | Noticed a manticore
  9521 | D:11     | Killed a manticore
 10202 | D:12     | Noticed a manticore
 10211 | D:12     | Killed a manticore
 10340 | D:12     | Noticed a two-headed ogre
 10354 | D:12     | Killed a two-headed ogre
 10477 | D:12     | Noticed a cyan ugly thing
 10477 | D:12     | Noticed a white ugly thing
 10486 | D:12     | Killed a white ugly thing
 10492 | D:12     | Killed a cyan ugly thing
 10654 | D:12     | Found a staircase to the Orcish Mines.
 10672 | D:12     | Noticed a cyclops
 10687 | D:12     | Killed a cyclops
 10724 | D:12     | Noticed a cyclops
 10875 | D:12     | Killed a cyclops
 10876 | D:12     | Reached XP level 12. HP: 97/97 MP: 22/22
 11358 | Lair:1   | Entered Level 1 of the Lair of Beasts
 11757 | Lair:1   | Received a gift from Trog
 11800 | Lair:1   | Reached skill level 10 in Fighting
 11800 | Lair:1   | Reached skill level 10 in Axes
 13137 | Lair:2   | Noticed a catoblepas
 13165 | Lair:2   | Killed a catoblepas
 13770 | Lair:3   | Reached XP level 13. HP: 104/104 MP: 25/25
 14085 | Lair:3   | Reached skill level 10 in Unarmed Combat
 14854 | Lair:3   | Found a staircase to the Snake Pit.
 15047 | Lair:3   | Found a staircase to the Swamp.
 15110 | Lair:3   | Upgraded the game from 0.32-a0-7-ge934b4519a to
                  | 0.32-a0-12-g7fc57aa741
 15276 | Lair:4   | Found a runed translucent door.
 15277 | Lair:4   | Noticed Ahar's ghost (journeyman HONe)
 15279 | Lair:4   | Identified the +8 spear of Royalism {pain, MP+9}
 15635 | Lair:4   | Identified the +5 sling of Doddal {freeze, rF+ rN+ Will+}
 15987 | Lair:5   | Entered Level 5 of the Lair of Beasts
 16104 | Lair:5   | Found a staircase to the Slime Pits.
 16124 | Lair:5   | Mangled by a torpor snail

Illustrated notes

Levels and vault maps discovered:
D:1:      shiori_shiawase, layout_rooms
D:2:      layout_basic, grunt_ministairs_9, uniq_terence,
          uniq_crazy_yiuf_cottage
D:3:      layout_basic, cheibriados_altar_1, vehumet_altar_wand_db,
          portal_sewer_entry_b, gammafunk_ghost_smash,
          minmay_fractal_squares_diagonal_5
D:4:      layout_loops_ring, tgw_kikubaaqudgha, general_overflow_altar,
          lemuel_tele_altar, serial_shops, shop,
          lightli_ossuary_entry_decrepit_ruins, minmay_door_square
D:5:      layout_cave_pools, tso_oasis_becter, nicolae_ashenzari_panopticon,
          kennysheep_mini, grunt_decor_cap, uniq_edmund
D:6:      layout_loops_ring, serial_shops, nicolae_shop_stone
D:7:      layout_cave_pools, mainiacjoe_overflow_catch_the_wave, temple_statues,
          ebering_ghost_gozag
D:8:      layout_basic, dpeg_oklobed_lair
D:9:      layout_basic, nzn_wu_jian_council_hall
D:10:     layout_loops_ring, tgw_xom
D:11:     layout_roguey
D:12:     layout_small_grid, orc_0_dummy
Lair:1:   layout_loops_ring, disabler_island, serial_bayou_shore_a,
          serial_bayou_shore_b, lemuel_fruit_fields
Lair:2:   layout_cave_shapes
Lair:3:   layout_loops_ring, nicolae_swamp_entry_splash_gauntlet,
          nicolae_snake_entry_squirm
Lair:4:   layout_hall_layers, ebering_ghost_funeral_grove, serial_bayou_shore_b
Lair:5:   grunt_lair_end_beastmaster, layout_regular_city,
          minmay_slime_entry_eyes, lemuel_fruit_tree, grunt_megastairs_1

Skill      XL: |  1  2  3  4  5  6  7  8  9 10 11 12 13 |
---------------+----------------------------------------+-----
Invocations    | 1 2 3 4 5 6 7 8 9 |  9.4
Short Blades   | 1 2 3 4 5 6 7 8 |  8.6
Long Blades    | 1 2 3 4 5 6 7 8 |  8.6
Maces & Flails | 1 2 3 4 5 6 7 8 |  8.6
Polearms       | 1 2 3 4 5 6 7 8 |  8.6
Staves         | 1 2 3 4 5 6 7 8 |  8.6
Ranged Weapons | 1 2 3 4 5 6 7 8 |  8.6
Throwing       | 1 2 3 4 5 6 7 8 |  8.6
Stealth        | 1 2 3 4 5 6 7 8 |  8.6
Shields        | 1 2 3 4 5 6 7 8 |  8.6
Unarmed Combat | 1 2 3 4 5 6 7 9 10 | 10.4
Spellcasting   | 1 2 3 4 5 6 7 8 |  8.6
Evocations     | 1 2 3 4 5 6 7 8 |  8.6
Shapeshifting  | 1 2 3 4 5 6 7 |  7.9
Conjurations   | 1 2 3 4 5 6 7 |  7.2
Hexes          | 1 2 3 4 5 6 7 |  7.2
Summonings     | 1 2 3 4 5 6 7 |  7.2
Necromancy     | 1 2 3 4 5 6 7 |  7.2
Translocations | 1 2 3 4 5 6 7 |  7.2
Fire Magic     | 1 2 3 4 5 6 7 |  7.2
Ice Magic      | 1 2 3 4 5 6 7 |  7.2
Air Magic      | 1 2 3 4 5 6 7 |  7.2
Earth Magic    | 1 2 3 4 5 6 7 |  7.2
Alchemy        | 1 2 3 4 5 6 7 |  7.2
Armour         | 5 6 7 8 9 |  9.8
Dodging        | 5 6 7 8 9 |  9.8
Fighting       | 7 8 9 10 | 10.8
Axes           | 7 8 9 10 | 10.8

Action                     |  1- 3 |  4- 6 |  7- 9 | 10-12 | 13-15 || total
---------------------------+-------+-------+-------+-------+-------++-------
  Melee: Hand axe          |    94 |   173 |    59 |       |       ||   326
         Bite              |    12 |    14 |    37 |    72 |    21 ||   156
         Punch             |       |     4 |     1 |       |       ||     5
         Dire flail        |       |       |   246 |   614 |   135 ||   995
         Battleaxe         |       |       |       |     2 |    17 ||    19
  Throw: Dart              |       |       |       |    14 |     6 ||    20
         Boomerang         |       |       |       |     1 |       ||     1
 Invoke: Berserk           |     2 |     3 |     5 |    12 |     1 ||    23
         Trog's Hand       |       |       |     2 |     4 |     2 ||     8
         Brothers in Arms  |       |       |       |       |     1 ||     1
  Evoke: Wand              |       |       |       |     4 |     1 ||     5
    Use: Scroll            |       |     2 |    18 |     4 |     5 ||    29
         Potion            |       |       |       |       |     1 ||     1
   Stab: Sleeping          |     3 |       |       |       |       ||     3
 Armour: Animal skin       |    36 |       |       |       |       ||    36
         Leather armour    |     7 |    22 |       |       |       ||    29
         Scale mail        |       |    75 |       |       |       ||    75
         Plate armour      |       |     4 |   282 |   543 |   211 ||  1040
  Dodge: Dodged            |    76 |    89 |   122 |   249 |    94 ||   630

Table legend: (Time is in decaauts)
 A = Elapsed time spent in this place.
 B = Non-inter-level travel time spent in this place.
 C = Inter-level travel time spent in this place.
 D = Time resting spent in this place.
 E = Time spent auto-exploring this place.
 F = Levels seen in this place.
 G = Mean time per level.
                   A        B        C        D        E       F      G
               +--------+--------+--------+--------+--------+-----+--------+
         Total |  16340 |  15510 |    830 |   1480 |  10830 |  19 |  860.0 |
       Dungeon |  10573 |  10026 |    547 |   1059 |   6947 |  12 |  881.1 |
          Lair |   4815 |   4533 |    282 |    311 |   3369 |   5 |  963.0 |
         Sewer |    385 |    385 |      0 |     44 |    240 |   1 |  385.0 |
       Ossuary |    565 |    565 |      0 |     65 |    273 |   1 |  565.0 |
               +--------+--------+--------+--------+--------+-----+--------+

Top non-repeatable levels by time:
  Lair:3: 1462 daAuts
  Lair:1: 1240 daAuts
  Lair:2: 1215 daAuts
     D:6: 1149 daAuts
     D:3: 1019 daAuts
    D:12: 987 daAuts
    D:11: 987 daAuts
     D:2: 972 daAuts
     D:4: 934 daAuts
     D:9: 861 daAuts
     D:5: 826 daAuts
     D:7: 823 daAuts
  Lair:4: 806 daAuts
    D:10: 740 daAuts
     D:1: 647 daAuts
